 Dungeon Crawl Stone Soup version 0.25-a0-294-gea9b1ad (webtiles) character file.

Game seed: 5163203305409335049, levelgen mode: deterministic

325 MrTaco21 the Cudgeler (level 6, 0/37 HPs)
             Began as a Gargoyle Fighter on Dec 19, 2019.
             Slain by a ball python (2 damage)
             ... on level 4 of the Dungeon.
             The game lasted 00:08:24 (3391 turns).

MrTaco21 the Cudgeler (Gargoyle Fighter)            Turns: 3391, Time: 00:08:25

Health: 0/37       AC: 15    Str: 21    XL:     6   Next: 48%
Magic:  6/6        EV:  4    Int:  9    God:
Gold:   117        SH:  9    Dex:  9    Spells: 5/5 levels left

rFire    . . .     SeeInvis .   a - +0 flail
rCold    . . .     Gourm    .   c - +0 shield
rNeg     + . .     Faith    .   b - +0 scale mail
rPois    ∞         Spirit   .   (no helmet)
rElec    +         Reflect  .   (no cloak)
rCorr    .         Harm     .   (no gloves)
MR       .....                  f - +0 pair of boots
Stlth    +.........             (no amulet)
HPRegen  0.12/turn              p - +3 ring of protection
MPRegen  0.10/turn              B - ring of stealth

@: constricted
A: negative energy resistance 1, electricity resistance, unbreathing,
petrification resistance, rot immunity, AC +4
a: no special abilities


You were on level 4 of the Dungeon.
You were hungry.

You visited 1 branch of the dungeon, and saw 4 of its levels.
You also visited: Sewer.

You collected 117 gold pieces.

Inventory:

Hand Weapons
 a - a +0 flail (weapon)
Armour
 b - a +0 scale mail (worn)
 c - a +0 shield (worn)
 f - a +0 pair of boots (worn)
   (You found it on level 4 of the Dungeon)
Jewellery
 p - a +3 ring of protection (left hand)
   (You found it on level 2 of the Dungeon)
 y - an uncursed ring of magical power
   (You found it on level 3 of the Dungeon)
 B - a ring of stealth (right hand)
   (You found it on level 3 of the Dungeon)
Wands
 C - a wand of enslavement (14)
   (You found it on level 3 of the Dungeon)
Scrolls
 g - 4 scrolls of teleportation {@r4}
 l - a scroll of fog
 r - a scroll of immolation {!r}
 s - 2 scrolls of remove curse {@r2}
 t - a scroll of enchant weapon {unknown}
 w - a scroll of fear {unknown}
 z - a scroll of blinking
Potions
 d - a potion of might
 h - 2 potions of resistance {unknown}
 i - 4 potions of flight {unknown}
 j - a potion of haste {unknown}
 k - 2 potions of lignification {unknown}
 m - 4 potions of curing {@q1}
 n - a potion of magic {unknown}
 q - 2 potions of degeneration {!q}
 x - a potion of brilliance {unknown}
 A - 2 potions of invisibility {unknown}
 D - a potion of heal wounds {unknown}
Comestibles
 e - 8 rations {!d}


   Skills:
 - Level 3.2 Fighting
 + Level 6.7 Maces & Flails
 - Level 3.2 Armour
 - Level 3.2 Shields


You had 5 spell levels left.
You didn't know any spells.
Your spell library contained the following spells:

 Spells                   Type           Power        Failure   Level  Hunger
 Beastly Appendage        Tmut           #.....       99%         1    ##.....
 Sticks to Snakes         Tmut           #.......     100%        2    ###....
 Spider Form              Tmut/Pois      #.........   100%        3    ####...
 Ice Form                 Ice/Tmut       #.......     100%        4    #####..
 Blade Hands              Tmut           #.........   100%        5    ######.


Dungeon Overview and Level Annotations

Branches:
Dungeon (4/15)              Sewer (visited)
 Temple: D:4-7

Altars:


Innate Abilities, Weirdness & Mutations

You are resistant to torment.
Your stone body is resilient. (AC +4)
You are immune to poison.
You resist negative energy. (rN+)
You are resistant to electric shocks. (rElec)
You can survive without breathing.
You are immune to petrification.
You are immune to rotting.


Message History

The ball python bites you but does no damage.
The ball python constricts you. You block the ooze's attack.
Unknown command.
The ball python bites you.
* * * LOW HITPOINT WARNING * * *
The ball python constricts you. The ooze hits you.
* * * LOW HITPOINT WARNING * * *
The ball python completely misses you. The ball python constricts you.
The ooze hits you but does no damage.
Unknown command.
Unknown command.
The ball python bites you but does no damage.
The ball python constricts you. The ooze hits you but does no damage.
Unknown command.
The ball python barely misses you. The ball python constricts you.
The ball python bites you but does no damage.
The ball python constricts you. You block the ooze's attack.
Unknown command.
Unknown command.
The ball python barely misses you. The ball python constricts you.
You block the ooze's attack.
Unknown command.
The ball python bites you but does no damage.
The ball python constricts you. The ooze hits you.
* * * LOW HITPOINT WARNING * * *
The ball python barely misses you. The ball python constricts you.
The ooze hits you but does no damage.
Unknown command.
The ball python bites you but does no damage.
The ball python constricts you. The ooze hits you but does no damage.
Unknown command.
The ball python bites you but does no damage.
The ball python constricts you. You block the ball python's attack.
* * * LOW HITPOINT WARNING * * *
The ball python constricts you. The ooze hits you but does no damage.
The ball python barely misses you. The ball python constricts you.
The ooze hits you but does no damage.
Unknown command.
The ball python bites you but does no damage.
The ball python constricts you. The ooze hits you but does no damage.
The ball python bites you but does no damage.
The ball python constricts you. The ooze hits you but does no damage.
Unknown command.
Unknown command.
The ball python bites you but does no damage.
The ball python constricts you. The ooze hits you but does no damage.
The ball python barely misses you.
* * * LOW HITPOINT WARNING * * *
The ball python constricts you. The ball python bites you.
You die...

#########
.......#
#J.##.#####
#.@.......#
#.S.......#
#...≈≈≈...#
###..≈≈≈≈≈..#
......≈≈.≈≈..#
#.##...≈≈≈≈≈..#
#....≈≈≈...##
##...........#
..>..........##


You could see an ooze and a ball python.

Vanquished Creatures
  A big kobold (Sewer)
  A hound zombie (D:4)
  11 adders
  3 gnolls (D:4)
  A river rat (Sewer)
  An ooze (D:3)
  A worm (D:2)
  3 leopard geckos
  An orc (D:4)
  5 bats
  6 giant cockroaches
  7 goblins
  7 hobgoblins
  14 jackals
  13 kobolds
  5 quokkas
  5 ball pythons
  2 frilled lizards
  11 rats
98 creatures vanquished.

Notes
Turn   | Place    | Note
-------+----------+-------------------------------------------
     0 | D:1      | MrTaco21 the Gargoyle Fighter began the quest for the Orb.
     0 | D:1      | Reached XP level 1. HP: 14/14 MP: 1/1
    96 | D:1      | Reached XP level 2. HP: 16/19 MP: 2/2
   182 | D:1      | Reached skill level 3 in Maces & Flails
   277 | D:1      | Reached XP level 3. HP: 20/23 MP: 3/3
   866 | D:2      | Reached skill level 4 in Maces & Flails
   880 | D:2      | Reached XP level 4. HP: 4/28 MP: 4/4
  1625 | D:2      | Reached skill level 5 in Maces & Flails
  1739 | D:2      | Reached XP level 5. HP: 31/32 MP: 5/5
  2668 | D:4      | Reached skill level 6 in Maces & Flails
  2889 | D:4      | Reached XP level 6. HP: 36/37 MP: 6/6
  2906 | D:4      | Found a glowing drain.
  2947 | Sewer    | Entered a sewer
  3062 | Sewer    | Found a glowing silver altar of Zin.
  3391 | D:4      | Slain by a ball python

Levels and vault maps discovered:
D:1:      mainiacjoe_arrival_reflecting_pool, layout_basic, minivault_5
D:2:      layout_loops_ring, feat_on_display
D:3:      layout_basic
D:4:      layout_loops_ring, portal_sewer_entry_a, first_ration

Skill      XL: |  1  2  3  4  5 |
---------------+----------------+-----
Maces & Flails | 3 4 5 6 |  6.7
Fighting       | |  3.2
Armour         | |  3.2
Shields        | |  3.2

Action                   |  1- 3 |  4- 6 || total
-------------------------+-------+-------++-------
Melee: Flail             |   136 |   280 ||   416
  Use: Scroll            |       |     9 ||     9
  Eat: Chunk             |       |     8 ||     8
Armor: Scale mail        |   103 |   368 ||   471
Dodge: Dodged            |    74 |   155 ||   229
Block: Shield            |    97 |   242 ||   339

Table legend:
 A = Non-vault XP
 B = Vault XP
 C = Vault XP percentage of total XP
 D = Non-vault monster count
 E = Vault monster count
 F = Vault count percentage of total count
                 A         B        C        D         E       F
            +---------+---------+-------+---------+---------+-------
      Total |     336 |     129 |  27.7 |      83 |      15 |  15.3
            +---------+---------+-------+---------+---------+-------
        D:1 |      66 |       0 |   0.0 |      31 |       0 |   0.0
        D:2 |     112 |       0 |   0.0 |      24 |       0 |   0.0
        D:3 |      91 |       0 |   0.0 |      22 |       0 |   0.0
        D:4 |      67 |       6 |   8.2 |       6 |       4 |  40.0
      Sewer |       0 |     123 | 100.0 |       0 |      11 | 100.0
            +---------+---------+-------+---------+---------+-------
